 Dungeon Crawl Stone Soup version 0.22.1-1-ga44c0e5 (webtiles) character file.

527 Fang the Chopper (level 7, -2/44 HPs)
             Began as a Gargoyle Berserker on Oct 15, 2018.
             Was a Priest of Trog.
             Slain by a hound (5 damage)
             ... on level 4 of the Dungeon.
             The game lasted 00:04:32 (3794 turns).

Fang the Chopper (Gargoyle Berserker)               Turns: 3794, Time: 00:04:33

Health: -2/44      AC:  7    Str: 24    XL:     7   Next: 23%
Magic:  7/7        EV: 13    Int:  8    God:    Trog [***...]
Gold:   155        SH:  0    Dex:  9    Spells: 6/6 levels left

rFire    . . .     SeeInvis .   q - +0 war axe
rCold    . . .     Gourm    .   (no shield)
rNeg     + . .     Faith    .   b - +0 animal skin
rPois    ∞         Spirit   .   (no helmet)
rElec    +         Reflect  .   (no cloak)
rCorr    .         Harm     .   (no gloves)
MR       .....                  (no boots)
Stlth    +.........             (no amulet)
HPRegen  0.14/turn              j - +2 ring of strength
MPRegen  0.10/turn              (no ring)

@: berserk cooldown
A: negative energy resistance 1, electricity resistance, unbreathing,
petrification resistance, rot immunity, AC +4
a: Berserk, Trog's Hand, Renounce Religion


You were on level 4 of the Dungeon.
You worshipped Trog.
Trog was most pleased with you.
You were not hungry.

You visited 2 branches of the dungeon, and saw 5 of its levels.

You collected 155 gold pieces.

Inventory:

Hand Weapons
 q - a +0 war axe (weapon)
Armour
 b - a +0 animal skin (worn)
Jewellery
 j - a +2 ring of strength (left hand)
Scrolls
 a - a scroll of magic mapping {unknown}
 f - 2 scrolls of random uselessness {unknown}
 g - 2 scrolls of teleportation {unknown}
 h - 4 scrolls of identify {unknown}
 i - 2 scrolls of amnesia {unknown}
 k - 2 scrolls of fear {unknown}
 l - a scroll of enchant armour {unknown}
 n - a scroll of noise {unknown}
Potions
 d - 2 potions of curing {unknown}
 e - a potion of agility {unknown}
 m - a potion of berserk rage {unknown}
 o - a potion of ambrosia {unknown}
 p - 2 potions of magic {unknown}
Comestibles
 c - 4 rations
 r - 5 chunks of flesh


   Skills:
 + Level 4.9 Fighting
 + Level 5.6 Axes
 + Level 2.2 Armour
 + Level 3.1 Dodging
 + Level 1.4 Stealth


You had 6 spell levels left.
You didn't know any spells.
Your spell library was empty.

Dungeon Overview and Level Annotations

Branches:
Dungeon (4/15)             Temple (1/1) D:4

Altars:
Gozag
Qazlal
Ru
Zin


Innate Abilities, Weirdness & Mutations

You are resistant to torment.
Your stone body is resilient. (AC +4)
You are immune to poison.
You resist negative energy. (rN+)
You are resistant to electric shocks. (rElec)
You can survive without breathing.
You are immune to petrification.
You are immune to rotting.


Message History

You slash the quokka!
You kill the quokka!
Trog accepts your kill.
A hound comes into view.
The hound barks!
A hound is nearby!
You feel yourself speed up. The hound misses you. The hound barely misses you.
You closely miss the hound. The hound bites you but does no damage.
The hound bites you.
* * * LOW HITPOINT WARNING * * *
You miss the hound. The hound bites you.
* * * LOW HITPOINT WARNING * * *
You hit the hound but do no damage. The hound bites you but does no damage.
The hound bites you.
* * * LOW HITPOINT WARNING * * *
You barely miss the hound.
The hound bites you but does no damage. x2
You miss the hound. The hound bites you.
You die...

###..#. #.. #..... #..
#.#..# #.. ##.#..# #..
...?.######### #..
#....#.......# #..
####........ ... #..
#...@...#..#..#.###..
#####...h##.#..#.........
#....!...##.#(..# #.#####
.#............###..# #.
....####.####.).#...####.
..# #.....##.#...# #...
#.......#.#...# #.⌠.
#.......#.#...####...
....._.....#...#......


You could see a hound.

Vanquished Creatures
  An ogre (D:4)
  A scorpion (D:4)
  A howler monkey (D:4)
  A crimson imp (D:4)
  3 hounds
  A centaur skeleton (D:4)
  A bullfrog skeleton (D:4)
  2 worker ants (D:4)
  7 adders
  2 dart slugs (D:3)
  3 leopard geckos
  An orc (D:4)
  A ball python (D:2)
  A giant cockroach (D:1)
  5 goblins
  6 hobgoblins
  4 jackals
  9 kobolds
  3 quokkas
  7 bats
  2 frilled lizards
  6 rats
68 creatures vanquished.

Notes
Turn   | Place    | Note
-------+----------+-------------------------------------------
     0 | D:1      | Fang the Gargoyle Berserker began the quest for the Orb.
     0 | D:1      | Reached XP level 1. HP: 14/14 MP: 1/1
   255 | D:1      | Reached XP level 2. HP: 6/19 MP: 2/2
   938 | D:1      | Reached skill level 3 in Axes
  1436 | D:2      | Reached XP level 3. HP: 13/24 MP: 3/3
  1830 | D:2      | Reached ** piety under Trog
  1994 | D:2      | Found a glowing silver altar of Zin.
  1994 | D:2      | Found an opulent altar of Gozag.
  2096 | D:3      | Reached XP level 4. HP: 14/29 MP: 4/4
  2325 | D:3      | Found a sacrificial altar of Ru.
  2761 | D:3      | Reached XP level 5. HP: 31/33 MP: 5/5
  3224 | D:4      | Reached skill level 4 in Axes
  3235 | D:4      | Reached skill level 1 in Stealth
  3284 | D:4      | Reached XP level 6. HP: 25/39 MP: 6/6
  3381 | D:4      | Reached *** piety under Trog
  3389 | D:4      | Reached skill level 5 in Axes
  3638 | D:4      | Found a staircase to the Ecumenical Temple.
  3657 | Temple   | Entered the Ecumenical Temple
  3755 | D:4      | Reached XP level 7. HP: 5/44 MP: 7/7
  3779 | D:4      | Found a stormy altar of Qazlal.
  3792 | D:4      | HP: 2/44 [hound (1)]
  3794 | D:4      | Slain by a hound

Skill      XL: |  1  2  3  4  5  6 |
---------------+-------------------+-----
Axes           | 3 4 5 |  5.6
Dodging        | 2 3 |  3.1
Fighting       | 4 |  4.9
Stealth        | 1 |  1.4
Armour         | |  2.2

Action                   |  1- 3 |  4- 6 |  7- 9 || total
-------------------------+-------+-------+-------++-------
Melee: Hand axe          |   122 |    11 |       ||   133
       War axe           |       |   104 |    10 ||   114
Invok: Berserk           |     2 |     2 |       ||     4
 Stab: Sleeping          |       |     1 |       ||     1
  Eat: Chunk             |     4 |     4 |     2 ||    10
       Ration            |       |     1 |       ||     1
Armor: Animal skin       |    83 |    50 |     5 ||   138
Dodge: Dodged            |   159 |   108 |     6 ||   273
